 Dungeon Crawl Stone Soup version 0.31-a0-1074-g0b22e4e0f1 (webtiles) character file.

Game seed: 17382335675375851690

16 billz999 the Magician (level 2, 0/21 HPs)
             Began as a Djinni Ice Elementalist on Nov 30, 2023.
             Slain by a dart slug (2 damage)
             ... on level 1 of the Dungeon.
             The game lasted 00:01:45 (231 turns).

billz999 the Magician (Djinni Ice Elementalist)      Turns: 231, Time: 00:01:46

Health: 0/21       AC:  2    Str:  7    XL:     2   Next: 75%
Gold:   10         EV: 12    Int: 16    God:
                   SH:  0    Dex: 13

rFire   + + .        d - +0 dagger
rCold   x . .        (no shield)
rNeg    . . .        a - +0 robe
rPois   ∞            (no helmet)
rElec   .            (no cloak)
rCorr   .            (no gloves)
SInv    .            (boots unavailable)
Will    .....        (no amulet)
Stlth   ++           (no ring)
HPRegen 0.23/turn    (no ring)
MPRegen 0.00/turn

%: infuse magic (-1 HP)
@: flying
A: sickness immunity, fire resistance 2, cold vulnerability 1, float, innate
caster, HP casting, extra vitality 1
a: no special abilities


You were on level 1 of the Dungeon.
You visited 1 branch of the dungeon, and saw 1 of its levels.

You collected 10 gold pieces.

Inventory:

Hand Weapons
 d - a +0 dagger (weapon)
Armour
 a - a +0 robe (worn)
Scrolls
 b - a scroll of fog {unknown}
 c - a scroll of vulnerability {unknown}


   Skills:
 - Level 2.1 Dodging
 - Level 1.5 Stealth
 * Level 3.8 Spellcasting
 * Level 3.8 Conjurations
 * Level 3.8 Hexes
 * Level 3.8 Summonings
 * Level 3.8 Necromancy
 * Level 3.8 Translocations
 * Level 3.8 Transmutations
 * Level 3.8 Fire Magic
 * Level 3.8 Ice Magic
 * Level 3.8 Air Magic
 * Level 3.8 Earth Magic
 * Level 3.8 Poison Magic


You knew the following spells:

 Your Spells              Type           Power      Damage    Failure   Level
a - Freeze                Ice            60%        1d7       3%          1
b - Frozen Ramparts       Ice            30%        1d5       11%         3
c - Ozocubu's Armour      Ice            15%        N/A       11%         3
d - Summon Ice Beast      Ice/Summ       15%        N/A       34%         4
Your spell library was empty.

Dungeon Overview and Level Annotations

Branches:
Dungeon (1/15)

Altars:


Innate Abilities, Weirdness & Mutations

You are immune to sickness and miasma.
You are immune to poison.
Your flesh is very heat resistant. (rF++)
You are vulnerable to cold. (rC-)
You float through the air rather than walking.
You learn spells naturally, not from books.
Your magical power is your life essence.
You have superior vitality. (+4 MHP)


Message History

* * * LOW HITPOINT WARNING * * *
Casting: Freeze (safe; 3% risk of failure)
Confirm with . or Enter, or press ? or * to list all spells.
Aiming: Freeze (safe; 3% risk of failure)
Press: ? - help, Shift-Dir - straight line, f/p - jackal
Aim: a jackal (heavily wounded)
You freeze the jackal.
The jackal is almost dead.
* * * LOW HITPOINT WARNING * * *
The jackal misses you.
Casting: Freeze (safe; 3% risk of failure)
Confirm with . or Enter, or press ? or * to list all spells.
Aiming: Freeze (safe; 3% risk of failure)
Press: ? - help, Shift-Dir - straight line, f/p - jackal
Aim: a jackal (almost dead)
You freeze the jackal.
You kill the jackal!
* * * LOW HITPOINT WARNING * * *
Your magical contamination has completely faded away.
Casting: Freeze (safe; 3% risk of failure)
Confirm with . or Enter, or press ? or * to list all spells.
Aiming: Freeze (safe; 3% risk of failure)
Press: ? - help, Shift-Dir - straight line, f - dart slug
Aim: a dart slug (heavily wounded)
You freeze the dart slug!
You kill the dart slug!
* * * LOW HITPOINT WARNING * * *
Casting: Freeze (safe; 3% risk of failure)
Confirm with . or Enter, or press ? or * to list all spells.
You don't have enough health to cast this spell.
You start resting.
A dart slug is nearby!
A dart slug is nearby!
The dart slug barely misses you.
Items here: ) †††.
You completely miss the dart slug. You hit the dart slug.
The dart slug is moderately wounded.
The dart slug bites you.
You die...

†##.......##...# .#
..........##.(.# .# # #
.##.......##...# .# .#..
###.###...##...#####.##..
........................
.....##...##..##...#..#
......
.......##.###..#.#..
......
...##..##.w.†.......
...... ..
#..##@###....#.. ....## .
#.. #.# ....# ###.# #..
#.# ....# ..... #.. #.#
....# ### #.# ..#.# ...
..... #.# ..$ .. # #.#
#.#


You could see a dart slug.

Vanquished Creatures
  A dart slug (D:1)
  A giant cockroach (D:1)
  2 hobgoblins (D:1)
  4 jackals (D:1)
  2 kobolds (D:1)
  A bat (D:1)
  A rat (D:1)
12 creatures vanquished.

Notes
Turn   | Place    | Note
-------+----------+-------------------------------------------
     0 | D:1      | billz999 the Djinni Ice Elementalist began the quest for
                  | the Orb.
     0 | D:1      | billz999 set off with the following spells memorised:
                  | Freeze, Frozen Ramparts, Ozocubu's Armour, Summon Ice
                  | Beast.
     0 | D:1      | Reached XP level 1. HP: 15/15 MP: 0/0
    95 | D:1      | Reached XP level 2. HP: 19/21 MP: 0/0
   231 | D:1      | Slain by a dart slug

Illustrated notes

Levels and vault maps discovered:
D:1:      grunt_arrival_crossed_arrows, layout_basic

Action                     || total
---------------------------++-------
  Melee: Dagger            ||     4
   Cast: Freeze            ||    21
 Armour: Robe              ||    11
  Dodge: Dodged            ||    12

Table legend: (Time is in decaauts)
 A = Elapsed time spent in this place.
 B = Non-inter-level travel time spent in this place.
 C = Inter-level travel time spent in this place.
 D = Time resting spent in this place.
 E = Time spent auto-exploring this place.
 F = Levels seen in this place.
 G = Mean time per level.
                   A        B        C        D        E       F      G
               +--------+--------+--------+--------+--------+-----+--------+
         Total |    230 |    206 |     24 |      8 |    122 |   1 |  230.0 |
       Dungeon |    230 |    206 |     24 |      8 |    122 |   1 |  230.0 |
               +--------+--------+--------+--------+--------+-----+--------+

Top non-repeatable levels by time:
     D:1: 230 daAuts
